 Seeded DCSS version 0.29.1-15-g9cfb28693d (webtiles) character file.

Game seed: 16245865983455551772 (custom seed)

3741 Darius099 the Covert (level 10, -4/66 HPs)
             Began as an Octopode Brigand on Mar 8, 2023.
             Was a Believer of Dithmenos.
             Slain by a yak (7 damage)
             ... on level 8 of the Dungeon.
             The game lasted 00:16:09 (7910 turns).

Darius099 the Covert (Octopode Brigand)             Turns: 7910, Time: 00:16:10

Health: -4/66      AC:  7    Str: 12    XL:     10   Next: 15%
Magic:  0/10       EV: 15    Int: 28    God:    Dithmenos [**....]
Gold:   458        SH:  0    Dex: 17    Spells: 9/9 levels left

rFire   . . .      SeeInvis +   k - +9 quick blade
rCold   . . .      Faith    .   (no shield)
rNeg    + . .      Spirit   +   E - +2 hat
rPois   +          Reflect  .   j - amulet "Beraho" {Spirit rPois Will+ Int+3}
rElec   .          Harm     .   h - +6 ring of intelligence
rCorr   .          Rampage  .   i - +6 ring of intelligence
Will    .....                   a - ring "Siqios" {rN+ Will- AC+4 SInv}
Stlth   ++++++++..              (no ring)
HPRegen 0.21/turn               (no ring)
MPRegen 0.12/turn               (no ring)
                                (no ring)
                                (no ring)

@: brilliant, wreathed by umbra
A: almost no armour, amphibious, 8 rings, camouflage 1, gelatinous body 1,
(nimble swimmer 1), tentacles
a: Renounce Religion, Shadow Step


You were on level 8 of the Dungeon.
You worshipped Dithmenos.
Dithmenos was pleased with you.
You visited 2 branches of the dungeon, and saw 9 of its levels.

You collected 458 gold pieces.

Inventory:

Hand Weapons
 k - a +9 quick blade (weapon)
Missiles
 b - 38 poisoned darts (quivered)
 c - 4 curare-tipped darts
Armour
 t - a +0 kite shield
 E - a +2 hat (worn)
 H - a +0 buckler
Jewellery
 a - the ring "Siqios" (on tentacle) {rN+ Will- AC+4 SInv}
   (You acquired it on level 1 of the Dungeon)

   [ring of protection]

   AC:        It affects your AC (+4).
   rN:        It protects you from negative energy.
   SInv:      It lets you see invisible.
   Will:      It decreases your willpower.
 h - a +6 ring of intelligence (left tentacle)
 i - a +6 ring of intelligence (right tentacle)
 j - the amulet "Beraho" (around mantle) {Spirit rPois Will+ Int+3}
   (You acquired it on level 1 of the Dungeon)

   [amulet of guardian spirit]

   It causes incoming damage to be divided between your reserves of health and
   magic.
   Int:       It affects your intelligence (+3).
   rPois:     It protects you from poison.
   Will:      It increases your willpower.
 o - an amulet of regeneration
 x - a ring of ice
Wands
 p - a wand of roots (25)
 B - a wand of flame (81)
 G - a wand of charming (11)
Scrolls
 d - 9 scrolls of identify {unknown}
 g - 9 scrolls of teleportation {unknown}
 m - 2 scrolls of summoning {unknown}
 n - a scroll of enchant weapon {unknown}
 q - a scroll of noise {unknown}
 r - 3 scrolls of immolation {unknown}
 w - a scroll of silence {unknown}
 y - a scroll of butterflies {unknown}
 A - a scroll of acquirement
 C - a scroll of amnesia {unknown}
 D - a scroll of poison {unknown}
 J - a scroll of enchant armour {unknown}
Potions
 e - a potion of might {unknown}
 f - 2 potions of flight {unknown}
 l - 2 potions of lignification {unknown}
 s - a potion of berserk rage {unknown}
 u - 3 potions of brilliance
 v - a potion of heal wounds {unknown}
 z - 2 potions of curing {unknown}
 F - 2 potions of attraction {unknown}
 I - 2 potions of degeneration {unknown}


   Skills:
 + Level 5.1 Fighting
 - Level 8.2 Short Blades
 - Level 2.0 Throwing
 + Level 4.8 Dodging
 + Level 13.9 Stealth
 + Level 2.7 Shields


You had 9 spell levels left.
You didn't know any spells.
Your spell library contained the following spells:

 Spells                   Type           Power      Damage    Failure   Level
 Sting                    Tmut/Pois      0%         1d3       11%         1
 Poisonous Vapours        Pois/Air       0%         N/A       17%         2
 Confusing Touch          Hex            0%         N/A       32%         3
 Olgreb's Toxic Radiance  Pois           0%         N/A       73%         4
 Yara's Violent Unravell  Hex/Tmut       0%         3d3       97%         5
 Enfeeble                 Hex            0%         N/A       100%        7
 Chain Lightning          Conj/Air       0%         N/A       100%        9
 Fire Storm               Conj/Fire      0%         5d1       100%        9
 Shatter                  Erth           0%         3d5*      100%        9


Dungeon Overview and Level Annotations

Branches:
Dungeon (8/15)             Temple (1/1) D:5
   Lair: D:8-11

Altars:
Cheibriados
Dithmenos
Elyvilon
Fedhas
Gozag
Hepliaklqana
Kikubaaqudgha
Makhleb
Nemelex Xobeh
Sif Muna
Trog
Uskayaw
Vehumet
Wu Jian
Yredelemnul
Zin
The Shining One

Shops:
D:3 [   D:4 *:[   D:7 =

Annotations:
D:8 Amaemon, Joseph


Innate Abilities, Weirdness & Mutations

You cannot wear most types of armour.
You are amphibious.
You can wear up to eight rings at the same time.
Your skin changes colour to match your surroundings (Stealth+).
Your rubbery body absorbs attacks. (AC +1, EV +1)
((You are camouflaged when in or above water. (Stealth+)))
You have tentacles for arms and can constrict up to eight enemies at once.


Message History

You kill the black bear!
Dithmenos accepts your kill.
Your Fighting skill increases to level 5!
You completely miss the yak. You squeeze the yak.
The yak is lightly wounded.
The yak gores you! x2
You hit the yak. You squeeze the yak.
The yak is moderately wounded.
You puncture the yak!
The yak is heavily wounded.
You hit the yak. You squeeze the yak!
The yak is almost dead.
You puncture the yak!
You kill the yak!
Dithmenos accepts your kill. The yak gores you!
You hit the yak but do no damage. You squeeze the yak.
The yak is lightly wounded.
You puncture the yak!
The yak is moderately wounded.
You hit the yak. You squeeze the yak.
The yak is heavily wounded.
The yak gores you!
The orc priest shouts!
You hit the yak.
The yak is severely wounded.
You puncture the yak!
The yak is almost dead.
You barely miss the yak.
The yak is almost dead.
The orc priest mumbles some strange prayers to Beogh against you.
Beogh smites you!
* * * LOW HITPOINT WARNING * * *
An ice beast comes into view.
The yak gores you!
* * * LOW HITPOINT WARNING * * *
It was a potion of brilliance.
You feel clever all of a sudden. The yak gores you!
You die...

###..@.# ####)#
#.....Yo.# .#
#.....P..####. ..
#.............. K..
#.............P ....
#.......P......
KK..##..............
....##....)........
#....@Y....#
#........###
###.....#############
#...##............#
#..>...........)....#
#...................#
#...................#
#...................#
.....[........########


You could see a yak, an ice beast and an orc priest.

Vanquished Creatures
  Maurice (D:8)
  Sigmund (D:5)
  A yak (D:8)
  A steam dragon (D:7)
  A water moccasin (D:6)
  An ice beast (D:7)
  2 orc warriors
  3 black bears
  An ogre (D:4)
  A phantom (D:6)
  A centaur (D:5)
  2 kobold brigands
  4 bullfrogs
  2 necrophages
  5 scorpions
  4 wights (D:7)
  4 killer bees (D:8)
  4 howler monkeys
  2 orc priests
  A gnoll bouda (D:7)
  4 hounds
  An iron imp (D:4)
  Jessica (D:2)
  3 iguanas
  4 orc wizards
  Natasha (twice) (D:2)
  A hound skeleton (D:4)
  8 gnolls
  5 adders
  A white imp (D:5)
  A dart slug (D:5)
  18 orcs
  6 ball pythons
  3 bats
  8 endoplasms
  A giant cockroach (D:4)
  5 goblins
  8 hobgoblins
  4 quokkas
  3 frilled lizards
  18 kobolds
  7 rats
154 creatures vanquished.

Vanquished Creatures (others)
  17 fungi (D:8)
  27 plants
44 creatures vanquished.

Grand Total: 198 creatures vanquished

Notes
Turn   | Place    | Note
-------+----------+-------------------------------------------
     0 | D:1      | Darius099 the Octopode Brigand began the quest for the Orb.
     0 | D:1      | Reached XP level 1. HP: 14/14 MP: 1/1
   264 | D:1      | Reached XP level 2. HP: 19/19 MP: 2/2
   328 | D:1      | Found a faded altar of an unknown god.
  1119 | D:1      | Reached skill level 6 in Stealth
  1163 | D:1      | Reached XP level 3. HP: 24/24 MP: 3/3
  1221 | D:1      | Identified 3 scrolls of acquirement
  1221 | D:1      | Acquired the amulet "Beraho" {Spirit rPois Will+ Int+3}
  1230 | D:1      | Acquired a +9 quick blade
  1239 | D:1      | Acquired the ring "Siqios" {rN+ Will- AC+4 SInv}
  1324 | D:2      | Noticed Jessica
  1330 | D:2      | Killed Jessica
  1331 | D:2      | Reached XP level 4. HP: 27/29 MP: 4/4
  1607 | D:2      | You fall into a shaft and drop 2 floors!
  1618 | D:4      | Found Tuuwolaw's General Store.
  1648 | D:3      | Found Ymmy Ciutu's Antique Armour Shoppe.
  1680 | D:3      | Noticed Natasha
  1697 | D:2      | Killed Natasha
  1698 | D:2      | Reached skill level 7 in Stealth
  1698 | D:2      | Reached XP level 5. HP: 19/34 MP: 3/5
  2012 | D:2      | Noticed Natasha
  2019 | D:2      | Killed Natasha
  2584 | D:3      | Reached XP level 6. HP: 39/39 MP: 6/6
  2912 | D:4      | Reached skill level 8 in Stealth
  3141 | D:4      | Found Gamycsypi's Antique Armour Boutique.
  3179 | D:4      | Reached skill level 5 in Short Blades
  3288 | D:4      | Found a snail-covered altar of Cheibriados.
  3355 | D:4      | Found Koenoidu's Book Boutique.
  3441 | D:4      | Found a shadowy altar of Dithmenos.
  3472 | D:4      | Found a burning altar of Makhleb.
  3478 | D:4      | Reached skill level 9 in Stealth
  3478 | D:4      | Reached XP level 7. HP: 45/45 MP: 7/7
  3644 | D:5      | Entered Level 5 of the Dungeon
  3649 | D:5      | Noticed Sigmund
  3657 | D:5      | Killed Sigmund
  3860 | D:5      | Reached skill level 10 in Stealth
  3940 | D:5      | Reached XP level 8. HP: 43/50 MP: 6/8
  4069 | D:5      | Found a staircase to the Ecumenical Temple.
  4126 | Temple   | Entered the Ecumenical Temple
  4311 | D:4      | Became a worshipper of Dithmenos the Shadowed
  4594 | D:5      | Found a glowing silver altar of Zin.
  5242 | D:6      | Reached skill level 11 in Stealth
  5754 | D:6      | Reached skill level 12 in Stealth
  6141 | D:6      | Reached * piety under Dithmenos
  6581 | D:7      | Found Dackej's Jewellery Shoppe.
  6628 | D:7      | Reached XP level 9. HP: 42/54 MP: 6/9
  6987 | D:7      | Reached skill level 13 in Stealth
  7015 | D:7      | Found a hazy altar of Hepliaklqana.
  7649 | D:8      | Reached ** piety under Dithmenos
  7650 | D:8      | Reached skill level 1 in Shields
  7667 | D:8      | Noticed Joseph
  7775 | D:8      | Noticed Amaemon
  7775 | D:8      | Noticed an orange demon
  7833 | D:8      | Noticed Maurice
  7870 | D:8      | Killed Maurice
  7871 | D:8      | Reached XP level 10. HP: 65/65 MP: 10/10
  7899 | D:8      | Reached skill level 5 in Fighting
  7909 | D:8      | HP: 3/66 [yak (8)]
  7910 | D:8      | Slain by a yak

Illustrated notes

Levels and vault maps discovered:
D:1:      minmay_arrival_hallway, layout_loops_corners, basic_ecumenical_altar,
          minmay_unequal
D:2:      layout_loops_ring, uniq_jessica
D:3:      layout_basic, serial_shops, nicolae_shop_advertising_works
          [nicolae_subvault_shop_adworks], minmay_shallow_snake_nest,
          uniq_natasha
D:4:      layout_rooms, grunt_dithmenos_smoke_and_mirrors,
          makhleb_blood_cavern_becter, slow_altar_1, serial_shops,
          nicolae_square_shop, nicolae_shop_temple_entry_statues_fountains,
          kennysheep_mini_moat, chequers_serial_rivers_large_a,
          minmay_fractal_squares_gapless_5
D:5:      layout_layer_cave, mainiacjoe_overflow_cross_hatched,
          lemuel_temple_firewalk_b, uniq_sigmund
D:6:      layout_basic
D:7:      layout_basic, nicolae_hepliaklqana_hazy_memory, serial_shops,
          nicolae_stop_n_shop_2
D:8:      layout_basic, nicolae_qazlal_style_of_elements,
          grunt_lair_entry_orc_guard_hut, uniq_amaemon, uniq_psyche,
          uniq_joseph, uniq_maurice
Temple:   nicolae_temple_bog_church

Skill      XL: |  1  2  3  4  5  6  7  8  9 10 |
---------------+-------------------------------+-----
Stealth        | 6 7 9 10 12 13 | 13.9
Short Blades   | 3 4 5 6 8 |  8.2
Dodging        | 4 |  4.8
Fighting       | 4 5 |  5.1
Shields        | 2 |  2.7
Throwing       | |  2.0

Action                   |  1- 3 |  4- 6 |  7- 9 | 10-12 || total
-------------------------+-------+-------+-------+-------++-------
Melee: Dagger            |    28 |       |       |       ||    28
       Tentacles         |     2 |    11 |    57 |     9 ||    79
       Constrict         |     4 |    11 |    51 |     2 ||    68
       Quick blade       |     7 |    69 |   236 |    21 ||   333
       Punch             |       |     2 |     6 |       ||     8
  Use: Scroll            |     3 |       |       |       ||     3
       Potion            |       |       |       |     1 ||     1
 Stab: Sleeping          |    11 |    10 |    14 |     1 ||    36
       Distracted        |       |       |     1 |       ||     1
Armor: Skin              |     2 |    10 |    25 |     1 ||    38
Dodge: Dodged            |    11 |    19 |    64 |     3 ||    97
